 Dungeon Crawl Stone Soup version 0.20-a0-1017-gc3250ce (webtiles) character file.

85 MatthieuS the Ducker (level 4, -1/40 HPs)
             Began as a Deep Dwarf Gladiator on Apr 16, 2017.
             Slain by a gnoll
             ... wielding a +0 spear
              (6 damage)
             ... on level 2 of the Dungeon.
             The game lasted 00:03:36 (840 turns).

MatthieuS the Ducker (Deep Dwarf Gladiator)          Turns: 840, Time: 00:03:36

Health: -1/40      AC:  6    Str: 19    XL:     4   Next: 25%
Magic:  3/3        EV: 13    Int:  8    God:
Gold:   90         SH:  0    Dex: 14    Spells: 3/3 levels left

rFire    . . .     SeeInvis .   a - +0 quarterstaff
rCold    . . .     Gourm    +   (shield currently unavailable)
rNeg     . . .     Faith    .   s - +0 ring mail
rPois    .         Spirit   .   c - +0 helmet
rElec    .         Reflect  .   (no cloak)
rCorr    .         Harm     .   (no gloves)
MR       .....                  (no boots)
Stlth    +.........             t - amulet of the gourmand
Regen    0.0/turn               (no ring)
MPRegen  0.1/turn               (no ring)

@: non-regenerating
A: damage resistance, heal wounds, sense surroundings 1, no regeneration
a: Heal Wounds


You were on level 2 of the Dungeon.
You were not hungry.

You visited 1 branch of the dungeon, and saw 2 of its levels.

You collected 90 gold pieces.

Inventory:

Hand Weapons
 a - a +0 quarterstaff (weapon)
 m - a +3 dagger
Missiles
 d - 4 throwing nets (quivered)
Armour
 c - a +0 helmet (worn)
 s - a +0 ring mail (worn)
Jewellery
 t - an amulet of the gourmand (around neck)
Scrolls
 h - a scroll of fear {unknown}
 i - 5 scrolls of identify {unknown}
 j - a scroll of amnesia {unknown}
 k - a scroll of blinking {unknown}
 n - 2 scrolls of remove curse {unknown}
 q - a scroll of random uselessness {unknown}
 r - a scroll of teleportation {unknown}
Potions
 e - a potion of curing {unknown}
 l - a potion of invisibility {unknown}
 o - a potion of lignification {unknown}
 p - a potion of degeneration {unknown}
Comestibles
 f - 2 bread rations
 g - 2 chunks of flesh


   Skills:
 + Level 2.6 Fighting
 * Level 3.6 Staves
 - Level 1.7 Throwing
 + Level 4.1 Dodging


You had 3 spell levels left.
You didn't know any spells.

Dungeon Overview and Level Annotations

Branches:
Dungeon (2/15)

Altars:


Innate Abilities, Weirdness & Mutations

You are resistant to damage.
You can heal yourself by infusing magical energy.
You passively map a small area around you.
You do not regenerate.


Message History

* * * LOW HITPOINT WARNING * * *
The kobold hits you.
You barely miss the gnoll. The gnoll barely misses you.
The kobold hits you but does no damage.
You closely miss the gnoll. The gnoll closely misses you. The kobold hits you.
* * * LOW HITPOINT WARNING * * *
Some of the chunks of flesh in your inventory have rotted away.
You barely miss the kobold. The gnoll barely misses you.
The kobold closely misses you. The gnoll closely misses you.
You hit the gnoll.
The gnoll is moderately wounded.
The kobold closely misses you. The gnoll closely misses you.
You closely miss the gnoll.
The gnoll is lightly wounded.
The kobold hits you but does no damage. The gnoll closely misses you.
The kobold closely misses you.
You hit the gnoll.
The gnoll is moderately wounded.
The gnoll hits you with a spear!
You die...

#..#.##..(............####.#####.
...........[.....................
#..####...............##....).##.
#..#* #.#####)...####.##....#(##.
#.)>....# ##.#)......##....#>###
###.##### #.###.#######..#..)...
.# ##.#(## ....####..# .#
#..K######.#.. #.#.# (#
#..g@...##.#.. *#. ## .#
##(####.# * .. , #. , #* ##( *,
.K , #.* * * .#. * .# , ..#. , **
, . * ## #. , * ,* #. , * * , *


You could see a gnoll and a kobold.

Vanquished Creatures
  2 gnolls (D:2)
  2 adders (D:2)
  A worm (D:2)
  2 dart slugs (D:2)
  A leopard gecko (D:1)
  3 giant cockroaches
  8 goblins
  2 hobgoblins
  9 kobolds
  A quokka (D:2)
  4 bats
  A frilled lizard (D:1)
  4 rats
40 creatures vanquished.

Notes
Turn   | Place    | Note
-------+----------+-------------------------------------------
     0 | D:1      | MatthieuS the Deep Dwarf Gladiator began the quest for the Orb.
     0 | D:1      | Reached XP level 1. HP: 19/19 MP: 1/1
   215 | D:1      | Reached XP level 2. HP: 21/26 MP: 2/2
   576 | D:2      | Reached XP level 3. HP: 24/33 MP: 2/2
   675 | D:2      | Reached skill level 4 in Dodging
   821 | D:2      | Reached XP level 4. HP: 24/40 MP: 3/3
   840 | D:2      | Slain by a gnoll

Vault maps used:
D:1:      zelgadis_glass_arrival_large
D:2:      minmay_octomino_j4

Skill      XL: |  1  2  3 |
---------------+----------+-----
Fighting       | 2 |  2.6
Staves         | 3 |  3.6
Dodging        | 4 |  4.1
Throwing       | |  1.7

Action                   |  1- 3 |  4- 6 || total
-------------------------+-------+-------++-------
Melee: Quarterstaff      |   103 |    16 ||   119
 Abil: Heal Wounds       |     1 |       ||     1
Armor: Leather armour    |    18 |       ||    18
       Ring mail         |     5 |     6 ||    11
Dodge: Dodged            |    70 |    22 ||    92
